 Dungeon Crawl Stone Soup version 0.32-a0-485-g70f7560b1c (webtiles) character file.

Game seed: 7695451372802459496

1553 Asceticacid the Cudgeller (level 8, 60/60 HPs)
             Began as a Coglin Gladiator on Feb 26, 2024.
             Was an Initiate of Gozag.
             Quit the game on level 6 of the Dungeon.
             The game lasted 00:08:48 (5120 turns).

Asceticacid the Cudgeller (Coglin Gladiator)        Turns: 5120, Time: 00:08:49

Health: 60/60      AC:  7    Str: 16    XL:     8   Next: 88%
Magic:  8/8        EV: 14    Int:  8    God:    Gozag
Gold:   249        SH:  0    Dex: 16    Spells: 7/7 levels left

rFire   . . .        y - +2 short sword (protect) {Lucius}
rCold   . . .        t - +1 dagger (venom) {Somchai}
rNeg    . . .        n - +0 steam dragon scales
rPois   .            c - +0 helmet
rElec   .            k - +0 cloak
rCorr   .            (no gloves)
SInv    .            (no boots)
Will    .....        (no amulet)
Stlth   +            (ring unavailable)
HPRegen 0.30/turn    (ring unavailable)
MPRegen 0.11/turn

%: no passive effects
@: no status effects
A: off-hand wielding, slow wielding, warmup strikes, no rings
a: Renounce Religion, Potion Petition, Call Merchant, Bribe Branch


You were on level 6 of the Dungeon.
You worshipped Gozag.
Gozag was aware of your devotion.
You visited 1 branch of the dungeon, and saw 6 of its levels.
You also visited: Sewer.

You collected 324 gold pieces.
You paid 75 gold pieces to Gozag.

Inventory:

Hand Weapons
 a - a +0 flail {Mbali}
 f - a +0 dagger of venom {Jacinta}
 j - a +1 whip {Kai}
 t - a +1 dagger of venom (offhand) {Somchai}
 y - a +2 short sword of protection (weapon) {Lucius}
Missiles
 d - 4 throwing nets (quivered)
 e - a javelin
 D - 3 curare-tipped darts
Armour
 c - a +0 helmet (worn)
 k - a +0 cloak (worn)
 n - +0 steam dragon scales (worn)
Wands
 h - a wand of charming (13)
 x - a wand of roots (4)
 C - a wand of polymorph (6)
Scrolls
 b - a scroll of amnesia
 i - a scroll of fog
 l - a scroll of immolation {unknown}
 q - 4 scrolls of identify {unknown}
 r - 2 scrolls of blinking {unknown}
 s - a scroll of butterflies {unknown}
 w - a scroll of enchant weapon
 B - a scroll of fear
Potions
 g - a potion of berserk rage
 m - 2 potions of enlightenment {unknown}
 o - a potion of cancellation {unknown}
 p - a potion of brilliance {unknown}
 u - a potion of invisibility {unknown}
 v - a potion of mutation {unknown}
 z - a potion of might {unknown}
 A - a potion of degeneration {unknown}


   Skills:
 + Level 3.8 Fighting
 + Level 4.8 Short Blades
 - Level 7.3 Maces & Flails
 - Level 1.7 Throwing
 + Level 1.7 Armour
 + Level 4.4 Dodging


You had 7 spell levels left.
You didn't know any spells.
Your spell library contained the following spells:

 Spells                   Type           Power      Damage    Failure   Level
 Apportation              Tloc           0%         N/A       41%         1
 Necrotise                Necr           0%         1d4       41%         1
 Sting                    Conj/Alch      0%         1d3       41%         1
 Summon Small Mammal      Summ           0%         N/A       41%         1
 Ensorcelled Hibernation  Hex/Ice        0%         N/A       54%         2
 Jinxbite                 Hex            0%         N/A       54%         2
 Mercury Vapours          Alch/Air       0%         N/A       54%         2
 Call Canine Familiar     Summ           0%         N/A       78%         3
 Mephitic Cloud           Conj/Alch/Air  0%         N/A       78%         3
 Passwall                 Erth           0%         N/A       78%         3
 Sigil of Binding         Hex            0%         N/A       78%         3
 Swiftness                Air            0%         N/A       78%         3
 Animate Armour           Summ/Erth      0%         N/A       99%         4
 Dimensional Bullseye     Hex/Tloc       0%         N/A       99%         4
 Summon Lightning Spire   Summ/Air       0%         N/A       99%         4
 Alistair's Intoxication  Alch           0%         N/A       100%        5
 Freezing Cloud           Conj/Ice/Air   0%         6-21      100%        5
 Iskenderun's Battlesphe  Conj           0%         2d6       100%        5
 Lee's Rapid Deconstruct  Erth           0%         3d4*      100%        5
 Bombard                  Conj/Erth      0%         9d1       100%        6
 Spellforged Servitor     Conj/Summ      0%         N/A       100%        7


Dungeon Overview and Level Annotations

Branches:
Dungeon (6/15)             Temple (0/1) D:4           Sewer (visited)

Altars:
Ashenzari
Elyvilon
Gozag
Ru

Annotations:
D:4 2 transporters, exclusion: oklob sapling
D:5 3 runed translucent doors, Dittersdorf's ghost, novice GrFi


Innate Abilities, Weirdness & Mutations

You can wield a second weapon in your off-hand.
It takes a long time for you to wield or remove held weapons.
Your first few attacks do less damage.
Your grasper-arms cannot wear rings.


Message History

You kill the ice beast!
No target in view!
No target in view!
You now have 243 gold pieces (gained 27).
Found a stone staircase leading up.
There is a stone staircase leading up here.
There is a stone staircase leading up here.
A scorpion comes into view.
A scorpion is nearby!
A scorpion is nearby!
A scorpion is nearby!
A scorpion is nearby!
Found a blue potion.
The scorpion stings you but does no damage.
You hit the scorpion with your +1 dagger of venom.
The scorpion is poisoned.
The scorpion is lightly wounded.
You closely miss the scorpion with your +2 short sword of protection.
You closely miss the scorpion with your +1 dagger of venom.
The scorpion is heavily wounded.
You closely miss the scorpion with your +2 short sword of protection.
The scorpion stings you but does no damage.
You hit the scorpion with your +2 short sword of protection.
Your weapon exudes an aura of protection.
The scorpion is severely wounded.
You closely miss the scorpion with your +1 dagger of venom.
You kill the scorpion!
No target in view!
No target in view!
Unknown command.
You now have 249 gold pieces (gained 6).
m - 2 blue potions (gained 1) Welcome back, Asceticacid the Coglin Gladiator.
Gozag says: Greed is good.
Press ? for a list of commands and other information.
Welcome back, Asceticacid the Coglin Gladiator.
Gozag says: Greed is good.
Press ? for a list of commands and other information.
A howler monkey comes into view.
Are you sure you want to abandon this character and quit the game? (Confirm with "yes".)

.....## ......##
.......#################
........................
###<....................
.....######.............
..#### #...........h.
### #.............
#.....@.......
#.........##..
#........## #........#
#.......## #......##
#......# #........
#.........


You could see a howler monkey.

Vanquished Creatures
  Pargi (Sewer)
  3 black bears
  An ice beast (D:6)
  A phantom (D:5)
  A kobold brigand (Sewer)
  3 scorpions
  A jelly (Sewer)
  3 hounds
  2 bombardier beetles (D:3)
  6 orc priests
  A gnoll bouda (D:5)
  2 iguanas
  3 orc wizards (D:5)
  5 adders
  10 gnolls
  A white imp (D:5)
  2 dart slugs (D:1)
  A ribbon worm (D:2)
  22 orcs
  10 ball pythons
  9 endoplasms
  A giant cockroach (D:1)
  8 goblins
  2 hobgoblins (D:1)
  7 jackals
  7 kobolds
  5 quokkas
  4 bats
  2 frilled lizards
  7 rats
131 creatures vanquished.

Notes
Turn   | Place    | Note
-------+----------+-------------------------------------------
     0 | D:1      | Asceticacid the Coglin Gladiator began the quest for the
                  | Orb.
     0 | D:1      | Reached XP level 1. HP: 16/16 MP: 1/1
     6 | D:1      | Noticed an eight-headed hydra
     6 | D:1      | Noticed a mana viper
     6 | D:1      | Noticed a polar bear
     7 | D:1      | Noticed a snapping turtle
     7 | D:1      | Noticed a hog
   111 | D:1      | Reached skill level 3 in Maces & Flails
   111 | D:1      | Reached XP level 2. HP: 13/22 MP: 2/2
   363 | D:1      | Reached XP level 3. HP: 24/27 MP: 3/3
   879 | D:2      | Reached skill level 4 in Maces & Flails
   904 | D:2      | Found a faded altar of an unknown god.
   944 | D:2      | Reached XP level 4. HP: 18/33 MP: 4/4
  1159 | D:2      | Reached XP level 5. HP: 38/38 MP: 5/5
  1171 | D:2      | Reached skill level 5 in Maces & Flails
  1574 | D:3      | Found a glowing drain.
  1590 | Sewer    | Entered a sewer
  1680 | Sewer    | Noticed Pargi
  1691 | Sewer    | Killed Pargi
  1692 | Sewer    | Reached skill level 6 in Maces & Flails
  1692 | Sewer    | Reached XP level 6. HP: 29/44 MP: 6/6
  2300 | D:3      | Reached XP level 7. HP: 50/50 MP: 7/7
  2353 | D:3      | Reached skill level 7 in Maces & Flails
  2795 | D:4      | Found a transporter.
  2805 | D:4      | Found a transporter.
  2825 | D:4      | Noticed a kobold demonologist
  3122 | D:4      | Found a staircase to the Ecumenical Temple.
  3242 | D:4      | Reached skill level 1 in Armour
  3251 | D:4      | Reached skill level 1 in Short Blades
  3567 | D:5      | Entered Level 5 of the Dungeon
  3755 | D:5      | Found a runed translucent gate.
  3755 | D:5      | Found a runed translucent gate.
  3755 | D:5      | Found a runed translucent gate.
  3756 | D:5      | Noticed Dittersdorf's ghost (novice GrFi)
  3775 | D:5      | Reached XP level 8. HP: 37/57 MP: 8/8
  4162 | D:5      | Found a broken altar of Ashenzari.
  4169 | D:5      | Found a white marble altar of Elyvilon.
  4174 | D:5      | Found an opulent altar of Gozag.
  4276 | D:5      | Found a sacrificial altar of Ru.
  4280 | D:5      | Became a worshipper of Gozag Ym Sagoz the Greedy
  5115 | D:6      | Upgraded the game from 0.32-a0-473-gd044c6f0f0 to
                  | 0.32-a0-485-g70f7560b1c
  5120 | D:6      | Quit the game

Illustrated notes

Levels and vault maps discovered:
D:1:      onia_arrival_zoo_common, layout_loops_ring
D:2:      layout_basic, shapermc_ecumenical_altar_petra
D:3:      layout_rooms, cheibrodos_sewer_entry_drain
D:4:      gammafunk_wand_slinger, layout_basic, minmay_temple_entry_oklob
D:5:      layout_loops_ring, nicolae_overflow_macrodata_refinement,
          serial_rivers, chequers_serial_rivers_micro_e,
          chequers_serial_rivers_micro_d, chequers_serial_rivers_room_a,
          chequers_serial_rivers_micro_b, ebering_ghost_rock_garden
D:6:      layout_cave_pods, minmay_joined_circles, uniq_sigmund

Skill      XL: |  1  2  3  4  5  6  7  8 |
---------------+-------------------------+-----
Maces & Flails | 3 4 6 7 |  7.3
Dodging        | 3 4 |  4.4
Armour         | 1 |  1.7
Short Blades   | 2 4 |  4.8
Fighting       | 3 |  3.8
Throwing       | |  1.7

Action                     |  1- 3 |  4- 6 |  7- 9 || total
---------------------------+-------+-------+-------++-------
  Melee: Flail             |    72 |    82 |       ||   154
         Whip              |    15 |    99 |    28 ||   142
         Dagger            |       |    15 |   349 ||   364
         Short sword       |       |       |    68 ||    68
  Throw: Throwing net      |       |     1 |     2 ||     3
    Use: Scroll            |       |     6 |       ||     6
         Potion            |       |     1 |       ||     1
   Stab: Sleeping          |     4 |     4 |     3 ||    11
         Held in net/web   |       |     1 |     3 ||     4
         Distracted        |       |       |     1 ||     1
 Armour: Leather armour    |    42 |    58 |     1 ||   101
         Steam dragon scal |       |       |   131 ||   131
  Dodge: Dodged            |    59 |    49 |   132 ||   240

Table legend: (Time is in decaauts)
 A = Elapsed time spent in this place.
 B = Non-inter-level travel time spent in this place.
 C = Inter-level travel time spent in this place.
 D = Time resting spent in this place.
 E = Time spent auto-exploring this place.
 F = Levels seen in this place.
 G = Mean time per level.
                   A        B        C        D        E       F      G
               +--------+--------+--------+--------+--------+-----+--------+
         Total |   5108 |   4953 |    155 |    708 |   2984 |   7 |  729.7 |
       Dungeon |   4588 |   4433 |    155 |    401 |   2890 |   6 |  764.7 |
         Sewer |    520 |    520 |      0 |    307 |     94 |   1 |  520.0 |
               +--------+--------+--------+--------+--------+-----+--------+

Top non-repeatable levels by time:
     D:5: 1290 daAuts
     D:4: 1110 daAuts
     D:1: 956 daAuts
     D:2: 630 daAuts
   Sewer: 520 daAuts
     D:3: 400 daAuts
     D:6: 199 daAuts
